 Dungeon Crawl Stone Soup version 0.28.0 (webtiles) character file.

Game seed: 17590059384211142664

77 LustLizard the Chopper (level 4, -10/40 HPs)
             Began as a Minotaur Berserker on Feb 9, 2022.
             Was a Believer of Trog.
             Killed by divine providence
             ... invoked by an orc priest
              (13 damage)
             ... on level 3 of the Dungeon.
             The game lasted 00:03:21 (1542 turns).

LustLizard the Chopper (Minotaur Berserker)         Turns: 1542, Time: 00:03:22

Health: -10/40     AC:  5    Str: 21    XL:     4   Next: 14%
Magic:  3/3        EV: 11    Int:  6    God:    Trog [**....]
Gold:   57         SH:  0    Dex: 10    Spells: 3/3 levels left

rFire   + . .      SeeInvis .   a - +0 hand axe
rCold   . . .      Faith    .   (no shield)
rNeg    . . .      Spirit   .   h - +0 ring mail
rPois   .          Reflect  .   (helmet restricted)
rElec   .          Harm     .   (no cloak)
rCorr   .          Rampage  .   (no gloves)
Will    .....                   (no boots)
Stlth   ..........              (no amulet)
HPRegen 0.13/turn               g - ring of protection from fire
MPRegen 0.08/turn               (no ring)

@: brilliant, on berserk cooldown
A: horns 2, retaliatory headbutt
a: Renounce Religion, Berserk, Trog's Hand


You were on level 3 of the Dungeon.
You worshipped Trog.
Trog was pleased with you.
You visited 1 branch of the dungeon, and saw 3 of its levels.

You collected 57 gold pieces.

Inventory:

Hand Weapons
 a - a +0 hand axe (weapon)
Missiles
 c - 42 stones (quivered)
Armour
 b - a +0 animal skin
 h - a +0 ring mail (worn)
Jewellery
 g - a ring of protection from fire (left hand)
Scrolls
 f - 2 scrolls of identify {unknown}
Potions
 i - a potion of mutation {unknown}


   Skills:
 + Level 4.2 Fighting
 * Level 4.9 Axes
 * Level 2.0 Throwing
 - Level 2.4 Armour
 - Level 2.1 Dodging


You had 3 spell levels left.
You didn't know any spells.
Your spell library was empty.

Dungeon Overview and Level Annotations

Branches:
Dungeon (3/15)

Altars:


Innate Abilities, Weirdness & Mutations

You have a pair of horns on your head.
You reflexively headbutt those who attack you in melee.


Message History

You start resting.
An orc is nearby!
An orc is nearby!
You hit the orc. Your headbutt misses the orc.
The orc is almost dead.
The orc hits you with a +0 war axe. x2
You slash the orc!
You kill the orc!
Trog accepts your kill.
You hit the orc. You headbutt the orc.
You kill the orc!
Trog accepts your kill.
The orc priest hits you from afar with a +0 trident.
An orc comes into view. It is wielding a +0 whip.
You feel yourself speed up.
The orc shouts!
The orc priest misses you.
Things that are here:
a +0 short sword; a +0 war axe You hit the orc priest but do no damage.
The orc priest calls down the wrath of Beogh upon you.
Beogh smites you!
* * * LOW HITPOINT WARNING * * *
You hit the orc priest.
The orc priest is moderately wounded.
The orc priest hits you with a +0 trident!
* * * LOW HITPOINT WARNING * * *
It was a potion of curing.
You feel better. The orc priest closely misses you.
You closely miss the orc priest. Your headbutt misses the orc priest.
The orc priest is moderately wounded.
You closely miss the orc. The orc hits you with a +0 whip.
* * * LOW HITPOINT WARNING * * *
The orc priest barely misses you. You furiously retaliate!
You headbutt the orc priest.
It was a potion of brilliance.
You feel clever all of a sudden. The orc closely misses you.
The orc priest invokes the aid of Beogh against you.
Beogh smites you!
You die...

#.)..# ####.# #. #.# #.#
####.##### ###.#. #....[...#
#..... . #.##.###.# #.#.#.###.
#######.##.# #.# #.#.##...#
...........###o########....##<#
#######.......o@..........<.†.#
#P.P.†##.#####..#....####
#..P.###†# #......#.## ######
#.###......#.# #.##.......#.##
#...............
####.......##### #####...#
#####


You could see an orc priest and an orc.

Vanquished Creatures
  An adder (D:3)
  An adder skeleton (D:3)
  2 worms
  5 orcs (D:3)
  A ball python (D:1)
  A bat (D:2)
  3 endoplasms
  5 goblins
  7 hobgoblins
  3 jackals (D:1)
  9 kobolds
  2 quokkas
  2 frilled lizards
  A quokka skeleton (D:3)
  A quokka zombie (D:3)
  5 rats
49 creatures vanquished.

Vanquished Creatures (others)
  4 withered plants (D:3)
4 creatures vanquished.

Grand Total: 53 creatures vanquished

Notes
Turn   | Place    | Note
-------+----------+-------------------------------------------
     0 | D:1      | LustLizard the Minotaur Berserker began the quest for the
                  | Orb.
     0 | D:1      | Reached XP level 1. HP: 19/19 MP: 0/0
    67 | D:1      | Reached XP level 2. HP: 4/27 MP: 1/1
    68 | D:1      | HP: 2/40 [goblin (2)]
   379 | D:1      | Reached skill level 1 in Throwing
   972 | D:2      | Reached XP level 3. HP: 33/33 MP: 2/2
  1014 | D:2      | Reached ** piety under Trog
  1505 | D:3      | Reached XP level 4. HP: 39/40 MP: 3/3
  1539 | D:3      | HP: 2/40 [orc priest (8)]
  1542 | D:3      | Killed from afar by an orc priest

Illustrated notes

Levels and vault maps discovered:
D:1:      minmay_arrival_cross, layout_basic, nicolae_figureground_pulse
D:2:      layout_rooms
D:3:      layout_loops_ring, dancing_weapons_uskayaw, serial_undead,
          serial_undead_a, serial_undead_a, serial_undead_e, serial_undead_b,
          serial_undead_f, serial_undead_b

Skill      XL: |  1  2  3 |
---------------+----------+-----
Axes           | 4 |  4.9
Throwing       | 1 2 |  2.0
Fighting       | 4 |  4.2
Armour         | |  2.4
Dodging        | |  2.1

Action                   |  1- 3 |  4- 6 || total
-------------------------+-------+-------++-------
Melee: Hand axe          |    89 |     7 ||    96
       Headbutt          |     9 |     1 ||    10
Throw: Stone             |    43 |       ||    43
Invok: Berserk           |     2 |       ||     2
  Use: Potion            |       |     2 ||     2
 Stab: Sleeping          |     1 |       ||     1
Armor: Animal skin       |     3 |       ||     3
       Ring mail         |    15 |       ||    15
Dodge: Dodged            |    58 |     4 ||    62
